 Dungeon Sprint DCSS version 0.30-a0-840-ga523dec638 (webtiles) character file.

Game seed: 2113004753128149026

645 dialectric the Protected (level 7, -2/51 HPs)
             Began as a Gargoyle Fighter on Mar 1, 2023.
             Was an Initiate of Trog.
             Slain by a tentacle (8 damage)
             ... attached to a kraken
             ... in the Dungeon (Sprint II: "The Violet Keep of Menkaure").
             The game lasted 00:01:07 (124 turns).

dialectric the Protected (Gargoyle Fighter)          Turns: 124, Time: 00:01:08

Health: -2/51      AC: 13    Str: 19    XL:     7   Next: 52%
Magic:  7/7        EV: 11    Int:  9    God:    Trog [......]
Gold:   243        SH:  0    Dex: 11    Spells: 6/6 levels left

rFire   . . .      SeeInvis .    a - +0 long sword
rCold   . . .      Faith    .    (no shield)
rNeg    + . .      Spirit   .    b - +0 scale mail
rPois   ∞          Reflect  .    (no helmet)
rElec   +          Harm     .    (no cloak)
rCorr   .          Rampage  .    (no gloves)
Will    .....      NoTele   +    (no boots) Stlth
                                 (no amulet)
HPRegen 0.28/turn                (no ring)
MPRegen 0.10/turn                (no ring)

@: hasted, quick
A: sickness immunity, AC +4, negative energy resistance 1, electricity
resistance, torment resistance 1, petrification resistance
a: Renounce Religion


You were in the Dungeon.
You worshipped Trog.
Trog was noncommittal.
You visited 1 branch You collected 243 gold pieces.

Inventory:

Hand Weapons
 a - a +0 long sword (weapon)
Armour
 b - a +0 scale mail (worn)
 c - a +0 buckler
Scrolls
 j - a scroll of blinking
Potions
 e - a potion of curing
 h - 2 potions of magic
 i - a potion of berserk rage


   Skills:
 + Level 9.5 Fighting
 * Level 8.1 Long Blades
 + Level 9.9 Armour
 - Level 4.0 Dodging
 - Level 5.3 Shields


You had 6 spell levels left.
You didn't know any spells.
Your spell library was empty.

Dungeon Overview and Level Annotations

Branches:
Dungeon (1/1)

Altars:
Cheibriados
Dithmenos
Elyvilon
Fedhas
Gozag
Hepliaklqana
Kikubaaqudgha
Makhleb
Nemelex Xobeh
Okawaru
Qazlal
Ru
Sif Muna
Trog
Uskayaw
Vehumet
Wu Jian
Xom
Yredelemnul
Zin
The Shining One
Jiyva
Lugonu


Innate Abilities, Weirdness & Mutations

You are immune to sickness and miasma.
Your stone body is resilient. (AC +4)
You are immune to poison.
You resist negative energy. (rN+)
You are resistant to electric shocks. (rElec)
You are resistant to unholy torment.
You are immune to petrification.


Message History

Found three altars.
Found four altars.
Found a shadowy altar of Dithmenos and a corrupted altar of Lugonu.
You enter the shallow water.
Moving in this stuff is going to be slow.
Found a white marble altar of Elyvilon and a burning altar of Makhleb.
Found a blossoming altar of Fedhas.
You open the door.
Found four items.
Found five altars.
There is an open door here.
Found nine items.
Found three altars.
Found 4 gold pieces.
There is a hazy altar of Hepliaklqana here.
Found 5 javelins.
There is a bloodstained altar of Trog here.
You kneel at the altar of Trog.
Trog welcomes you!
There is a shimmering blue altar of Sif Muna here.
Found 5 silver boomerangs.
There is a viscous altar of Jiyva here.
Found 3 fuming silvery potions.
There is an open door here.
You enter the shallow water.
Moving in this stuff is going to be slow.
Found 3 viscous white potions and a ring mail.
Found nine items.
Found six items.
Found five items.
Okay, then.
You feel yourself speed up.
A kraken comes into view. 2 tentacles come into view.
A tentacle comes into view.
You hit the tentacle.
The tentacle is lightly wounded.
The tentacle slaps you!!
* * * LOW HITPOINT WARNING * * *
Unknown command.
The tentacle slaps you!
You die...

## +.### =▓)[$[?$?)▓▓ .#
...# #▓$$(?[?[)▓▓ .##
#^.# #▓$?!!!)(?▓▓ ..#
+..# #▓$!!$!$??▓▓ ..#
#..# #▓?[:((?[)▓▓
..####..####▓?[($($:[▓▓
....###...##▓▓▓▓▓▓▓+▓▓▓▓+
....§.~~~~~~~~~~@w~───Xw≈
~..§..~#'########+###.ww≈
~~~§..~#.._.....#S~§# ≈
~~~~~.~#._._....#§§§§#
≈§§~~~~#_._._...#§§§§§
≈§§≈~~~#._._._..#§§§≈§
§§≈≈≈≈~#_._._._.#~~§§~≈
§≈###≈≈#._._._._#~§~§≈S
#§≈#_._._._.#~~


You could see a kraken, 4 tentacles and a water moccasin.

Vanquished Creatures
  Menkaure (D)
  A water moccasin (D)
  4 necrophages (D)
  4 scorpions (D)
10 creatures vanquished.

Notes
Turn   | Place    | Note
-------+----------+-------------------------------------------
     0 | D        | dialectric the Gargoyle Fighter began the quest for the
                  | Orb.
     0 | D        | Reached XP level 1. HP: 14/14 MP: 1/1
     8 | D        | Noticed a scorpion
     8 | D        | Noticed a scorpion
     8 | D        | Noticed a scorpion
     8 | D        | Noticed a scorpion
    11 | D        | Killed a scorpion
    12 | D        | Reached skill level 5 in Fighting
    12 | D        | Reached skill level 5 in Armour
    12 | D        | Reached skill level 5 in Shields
    12 | D        | Reached XP level 2. HP: 13/21 MP: 2/2
    12 | D        | Reached XP level 3. HP: 16/26 MP: 3/3
    17 | D        | Killed a scorpion
    18 | D        | Reached XP level 4. HP: 17/32 MP: 4/4
    22 | D        | Killed a scorpion
    23 | D        | Reached XP level 5. HP: 21/38 MP: 5/5
    29 | D        | Noticed a wyvern
    29 | D        | Noticed a wyvern
    40 | D        | Reached XP level 6. HP: 26/44 MP: 6/6
    41 | D        | Noticed Menkaure
    44 | D        | Reached skill level 5 in Long Blades
    51 | D        | Reached XP level 7. HP: 42/51 MP: 7/7
    59 | D        | Killed Menkaure
    66 | D        | Noticed a boulder beetle
    66 | D        | Noticed a boulder beetle
    91 | D        | Found a stormy altar of Qazlal.
    91 | D        | Found an ornate altar of the Wu Jian Council.
    92 | D        | Found a hazy altar of Hepliaklqana.
    92 | D        | Found a sacrificial altar of Ru.
    93 | D        | Found a viscous altar of Jiyva.
    93 | D        | Found a shimmering blue altar of Sif Muna.
    94 | D        | Found a snail-covered altar of Cheibriados.
    94 | D        | Found an ancient bone altar of Kikubaaqudgha.
    94 | D        | Found a shimmering altar of Xom.
    94 | D        | Found a bloodstained altar of Trog.
    95 | D        | Found a shadowy altar of Dithmenos.
    95 | D        | Found a corrupted altar of Lugonu.
    96 | D        | Found a white marble altar of Elyvilon.
    96 | D        | Found a burning altar of Makhleb.
    97 | D        | Found a blossoming altar of Fedhas.
    99 | D        | Found an opulent altar of Gozag.
    99 | D        | Found a glowing golden altar of the Shining One.
    99 | D        | Found a basalt altar of Yredelemnul.
    99 | D        | Found a hide-covered altar of Uskayaw.
    99 | D        | Found a sparkling altar of Nemelex Xobeh.
   100 | D        | Found a glowing silver altar of Zin.
   100 | D        | Found a radiant altar of Vehumet.
   100 | D        | Found an iron altar of Okawaru.
   106 | D        | Became a worshipper of Trog the Wrathful
   121 | D        | Noticed a kraken
   124 | D        | Slain by a tentacle

Illustrated notes

Levels and vault maps discovered:
D:        the_violet_keep_of_menkaure [sprint2_stairs_cluster_1,
          sprint2_shoproom, sprint2_temple, sprint2_basic_supplies,
          sprint2_obstacle_3, sprint2_obstacle_6, sprint2_obstacle_5,
          sprint2_obstacle_2, sprint2_obstacle_7, sprint2_timed_cluster_1,
          sprint2_smallroom_cluster_1, sprint2_smallroom_final_cluster_1,
          sprint2_transparent_cluster_1, sprint2_second_timed_cluster_1,
          sprint2_sniper_area_1, sprint2_heavy_combat_area_1,
          sprint2_mutation_trap_area_1, sprint2_forest_area_1,
          sprint2_light_combat_area_1, sprint2_behind_water_1,
          sprint2_near_end_vault_1]

Skill      XL: |  1  2  3  4  5  6  7 |
---------------+----------------------+-----
Fighting       | 5 6 7 8 9 |  9.5
Long Blades    | 2 3 4 6 8 |  8.1
Armour         | 5 6 7 8 9 |  9.9
Shields        | 5 |  5.3
Dodging        | 2 4 |  4.0

Action                     |  1- 3 |  4- 6 |  7- 9 || total
---------------------------+-------+-------+-------++-------
  Melee: Long sword        |     8 |    24 |    21 ||    53
    Use: Potion            |     1 |     1 |     1 ||     3
 Armour: Scale mail        |     2 |    11 |     7 ||    20
  Dodge: Dodged            |     5 |     8 |    12 ||    25

Table legend: (Time is in decaauts)
 A = Elapsed time spent in this place.
 B = Non-inter-level travel time spent in this place.
 C = Inter-level travel time spent in this place.
 D = Time resting spent in this place.
 E = Time spent auto-exploring this place.
 F = Levels seen in this place.
 G = Mean time per level.
                   A        B        C        D        E       F      G
               +--------+--------+--------+--------+--------+-----+--------+
         Total |    134 |    134 |      0 |      0 |      0 |   1 |  134.0 |
       Dungeon |    134 |    134 |      0 |      0 |      0 |   1 |  134.0 |
               +--------+--------+--------+--------+--------+-----+--------+

Top non-repeatable levels by time:
       D: 134 daAuts
